 Dungeon Crawl Stone Soup version 0.17.2-1-ge4368a0 (webtiles) character file.

314 Goblin1989 the Cudgeler (level 6, -12/47 HPs)
             Began as a Mummy Berserker on Jan 15, 2017.
             Was a Believer of Trog.
             Killed from afar by an orc wizard (18 damage)
             ... with a puff of flame
             ... on level 4 of the Dungeon.
             The game lasted 00:07:55 (3419 turns).

Goblin1989 the Cudgeler (Mummy Berserker)           Turns: 3419, Time: 00:07:56

Health: -12/47     AC:  3    Str: 22    XL:     6   Next: 19%
Magic:  6/6        EV: 12    Int:  6    God:    Trog [**....]
Gold:   237        SH:  0    Dex: 12    Spells: 0 memorised, 5 levels left

rFire  x . .     SeeInvis .     h - +3 quarterstaff
rCold  + . .     Clarity  .     b - +0 animal skin
rNeg   + + +     SustAt   .     (shield currently unavailable)
rPois  ∞         Gourm    .     (no helmet)
rElec  .         Spirit   .     e - +0 cloak
rCorr  .         Warding  .     (no gloves)
rMut   .         Stasis   .     (no boots)
MR     ++...                    (no amulet)
Stlth  +.........               (no ring)
                                (no ring)

@: regenerating, very resistant to hostile enchantments, very unstealthy
A: no food or potions, fire vulnerability, cold resistance 1, negative energy
resistance 3, torment resistance, unbreathing
a: Trog's Hand, Burn Spellbooks, Renounce Religion


You were on level 4 of the Dungeon.
You worshipped Trog.
Trog was pleased with you.
You were not hungry.

You visited 1 branch of the dungeon, and saw 4 of its levels.

You collected 237 gold pieces.

Inventory:

Hand Weapons
 a - a +0 mace
 h - a +3 quarterstaff (weapon)
 k - a +0 whip
Armour
 b - a +0 animal skin (worn)
 e - a +0 cloak (worn)
 n - a +0 pair of gloves
 p - a +0 scale mail
Jewellery
 c - a ring of poison resistance {unknown}
Wands
 f - a wand of digging (13)
 C - a wand of confusion (31)
Scrolls
 d - 4 scrolls of identify {unknown}
 g - 4 scrolls of enchant armour {unknown}
 i - 2 scrolls of amnesia {unknown}
 j - a scroll of magic mapping {unknown}
 l - a scroll of random uselessness {unknown}
 m - a scroll of blinking {unknown}
 o - a scroll of enchant weapon {unknown}


   Skills:
 + Level 3.6 Fighting
 * Level 5.3 Maces & Flails
 + Level 2.1 Armour
 - Level 1.5 Dodging


You had 5 spell levels left.
You didn't know any spells.

Dungeon Overview and Level Annotations

Branches:
Dungeon (4/15)
 Temple: D:4-7

Altars:
Elyvilon
Kikubaaqudgha
Okawaru
Ru
Xom


Innate Abilities, Weirdness & Mutations

You do not eat or drink.
Your flesh is vulnerable to fire.
You are immune to poison.
Your flesh is cold resistant.
You are immune to negative energy.
You are immune to unholy pain and torment.
You can survive without breathing.


Message History

The orc hits you with a mace.
* * * LOW HITPOINT WARNING * * *
You take 2 damage, and have 7/47 hp.
Your skin stops crawling.
You feel less resistant to hostile enchantments.
Your skin crawls.
You feel resistant to hostile enchantments.
The orc wizard hits you with a dagger.
* * * LOW HITPOINT WARNING * * *
The orc barely misses you. The orc completely misses you.
The orc wizard hits you with a dagger.
* * * LOW HITPOINT WARNING * * *
You take 6 damage, and have 2/47 hp.
Unknown command.
The orc wizard hits you with a dagger.
* * * LOW HITPOINT WARNING * * *
You regained 2 hp, and now have 5/47 hp.
The orc wizard casts a spell at you. The puff of flame hits you!
The fire burns you terribly!
You die...

....█....█...█.█.█.█....█..█...▲.
....█....█..............█..█...█.
....█....█........▲.....█..∆...██
....█....█∆████▲███...>.█..██████
█...█.........(.........█..██..██
█...█...................█████....
....█...................∆...█....
....█..........o........█...▲....
█...█........o.o@.......██∆██.███
█...█████.....o.█████....█.██.███
█.......∆.......█...█....█.......
▲.......█.......∆...█....█.......
█.......█.......█...█....███████.
█.......█.......█████..........██
█.......█.......█...█████........
....█████.......█...█.>.█........
....██..█.>.....█...█...█........


You could see an orc wizard and 3 orcs.

Vanquished Creatures
  An ice beast (D:4)
  A scorpion (D:4)
  2 worker ants
  6 adders
  2 oozes
  A worm (D:2)
  An orc (D:4)
  5 ball pythons
  4 giant cockroaches
  10 goblins
  9 hobgoblins
  2 jackals (D:3)
  6 kobolds
  A quokka (D:4)
  10 bats
  4 giant newts
  A jackal skeleton (D:4)
  4 rats
70 creatures vanquished.

Notes
Turn   | Place    | Note
--------------------------------------------------------------
     0 | D:1      | Goblin1989 the Mummy Berserker began the quest for the Orb.
     0 | D:1      | Reached XP level 1. HP: 18/18 MP: 1/1
   196 | D:1      | Reached XP level 2. HP: 16/24 MP: 2/2
   574 | D:2      | Found an iron altar of Okawaru.
   625 | D:2      | HP: 1/24 [ooze (3)]
   626 | D:2      | Reached ** piety under Trog
   626 | D:2      | Reached XP level 3. HP: 1/29 MP: 3/3
  1495 | D:2      | Reached skill level 4 in Maces & Flails
  1495 | D:2      | Reached XP level 4. HP: 33/35 MP: 4/4
  1497 | D:2      | Found a white marble altar of Elyvilon.
  1612 | D:3      | Found a sacrificial altar of Ru.
  1623 | D:3      | Found an ancient bone altar of Kikubaaqudgha.
  1718 | D:3      | Found a shimmering altar of Xom.
  2309 | D:3      | Reached *** piety under Trog
  2778 | D:3      | Reached XP level 5. HP: 11/41 MP: 5/5
  2920 | D:4      | Reached skill level 5 in Maces & Flails
  3268 | D:4      | Noticed an ice beast
  3280 | D:4      | Killed an ice beast
  3280 | D:4      | Reached XP level 6. HP: 32/47 MP: 6/6
  3415 | D:4      | HP: 2/47 [orc wizard/dagger (2)]
  3419 | D:4      | Killed from afar by an orc wizard

Action                   |  1- 3 |  4- 6 || total
-------------------------+-------+-------++-------
Melee: Mace              |   101 |       ||   101
       Quarterstaff      |    10 |   105 ||   115
       Whip              |       |     8 ||     8
Invok: Trog's Hand       |       |     4 ||     4
 Stab: Distracted        |       |     1 ||     1

Vault maps used:
D:1:      scummos_arrival_simple_crosswalls
D:2:      overflow_temple_1_default, okawaru_ov_weapons_minmay
D:3:      xom_teletrap_fun, kiku_gazebo_garden_becter,
          minmay_misc_feat_nine_boxes, nicolae_ru_path_of_blood
D:4:      first_bread, serial_glass, glass_columns_b, glass_columns_c,
          grunt_dithmenos_shadows
